 Dungeon Sprint DCSS version 0.25-a0-545-ge4db218afc (webtiles) character file.

Game seed: 10932797125767477528, levelgen mode: deterministic

45 ICC the Nimble (level 3, 20/20 HPs)
             Began as a Felid Berserker on Feb 21, 2020.
             Was a Follower of Trog.
             Quit the game in the Dungeon (Sprint V: "Ziggurat Sprint").
             The game lasted 00:00:31 (28 turns).

ICC the Nimble (Felid Berserker)                      Turns: 28, Time: 00:00:31

Health: 20/20      AC:  1    Str: 13    XL:     3   Next: 42%
Magic:  4/4        EV: 23    Int:  8    God:    Trog [*.....]
Gold:   0          SH:  0    Dex: 16    Spells: 2/2 levels left
                                        Lives:  0   Deaths: 1

rFire    . . .     SeeInvis +     - Unarmed
rCold    . . .     Gourm    .   (shield unavailable)
rNeg     . . .     Faith    .   (armour unavailable)
rPois    .         Spirit   .   (helmet unavailable)
rElec    .         Reflect  .   (cloak unavailable)
rCorr    .         Harm     .   (gloves unavailable)
MR       .....     NoTele   +   (boots unavailable)
Stlth    ++........             (no amulet)
HPRegen  0.06/turn              (no ring)
MPRegen  0.09/turn              (no ring)

@: quick
A: very small, no armour, no weapons or thrown items, stealth, claws 1, fangs 3,
see invisible, carnivore, speed 1, shaggy fur 1, slow metabolism 1, sharp paws
a: Berserk, Renounce Religion


You were in the Dungeon.
You worshipped Trog.
Trog was aware of your devotion.
You were not hungry.

You visited 1 branch

Inventory:

Scrolls
 g - a scroll of blinking
Potions
 b - a potion of curing
 c - a potion of heal wounds
 d - a potion of haste
 e - 2 potions of magic
 f - a potion of berserk rage
Comestibles
 a - a ration


   Skills:
 + Level 5.8 Fighting
 + Level 8.0 Dodging
 + Level 5.8 Unarmed Combat


You had 2 spell levels left.
You didn't know any spells.
Your spell library was empty.

Dungeon Overview and Level Annotations

Branches:
Dungeon (1/1)

Altars:
Ashenzari
Cheibriados
Dithmenos
Elyvilon
Fedhas
Gozag
Hepliaklqana
Kikubaaqudgha
Makhleb
Nemelex Xobeh
Okawaru
Qazlal
Ru
Sif Muna
Trog
Uskayaw
Vehumet
Wu Jian
Xom
Yredelemnul
Zin
The Shining One
Beogh
Jiyva
Lugonu

Annotations:
D 1 transporter


Innate Abilities, Weirdness & Mutations

You cannot wear armour.
You are incapable of wielding weapons or throwing items.
Your paws allow you to move quietly. (Stealth)
You have sharp claws.
You have razor-sharp teeth.
You have supernaturally acute eyesight. (SInv)
You are carnivorous and can eat meat at any time.
You cover ground quickly.
You are covered in fur. (AC +1)
You have a slow metabolism.
Your sharp claws are effective at attacking unaware monsters.


Message History

The ball python completely misses you. The ball python grabs you.
* * * LOW HITPOINT WARNING * * *
The ball python constricts you. The adder barely misses you.
The water moccasin closely misses you. The ball python misses you.
* * * LOW HITPOINT WARNING * * *
The ball python constricts you. The ball python misses you.
The adder closely misses you. The water moccasin bites you.
* * * LOW HITPOINT WARNING * * *
You are lethally poisoned!
The water moccasin poisons you! The ball python barely misses you.
* * * LOW HITPOINT WARNING * * *
The ball python constricts you. The ball python completely misses you.
The adder completely misses you. The water moccasin closely misses you.
The ball python closely misses you.
You die...
The ball python constricts you. The ball python completely misses you.
You are now level 3!
You rejoin the land of the living...
Something loses its grip on you.
Unknown command.
Are you sure you want to abandon this character and quit the game? (Confirm with "yes".)

▓▓▓▓▓▓▓▓▓▓▓▓▓
▓.8©8.▓.8©8.▓
▓.|||.▓.....▓
▓.....▓.).[.▓
▓.SSS.▓.@...▓
▓..†..▓.....▓
▓..S..▓..©..▓
▓..©..▓▓▓▓▓▓▓
▓▓▓▓▓▓▓


There were no monsters in sight!

Vanquished Creatures
  A water moccasin (D)
1 creature vanquished.

Notes
Turn   | Place    | Note
-------+----------+-------------------------------------------
     0 | D        | ICC the Felid Berserker began the quest for the Orb.
     0 | D        | Reached XP level 1. HP: 10/10 MP: 2/2
     0 | D        | Found a blossoming altar of Fedhas.
     1 | D        | Found the +6 Majin-Bo {vamp, Archmagi MP+6 Int+6}
     1 | D        | Found the +7 great mace "Firestarter" {inner flame, rF++}
     1 | D        | Found a transporter.
     1 | D        | Found a viscous altar of Jiyva.
     1 | D        | Found an ancient bone altar of Kikubaaqudgha.
     1 | D        | Found a hazy altar of Hepliaklqana.
     1 | D        | Found a corrupted altar of Lugonu.
     1 | D        | Found an opulent altar of Gozag.
     1 | D        | Found a burning altar of Makhleb.
     3 | D        | Found a stormy altar of Qazlal.
     3 | D        | Found a sacrificial altar of Ru.
     3 | D        | Found an iron altar of Okawaru.
     3 | D        | Found a shimmering blue altar of Sif Muna.
     3 | D        | Found a sparkling altar of Nemelex Xobeh.
     3 | D        | Found a bloodstained altar of Trog.
     9 | D        | Entered arena 2.
     9 | D        | Noticed a water moccasin
     9 | D        | Found a transporter.
    16 | D        | Killed a water moccasin
    16 | D        | Reached skill level 5 in Fighting
    16 | D        | Reached skill level 8 in Dodging
    16 | D        | Reached skill level 5 in Unarmed Combat
    16 | D        | Reached XP level 2. HP: 8/16 MP: 3/3
    16 | D        | Reached XP level 3. HP: 11/20 MP: 4/4
    16 | D        | Reached XP level 4. HP: 13/24 MP: 5/5
    22 | D        | Entered arena 3.
    22 | D        | Noticed a water moccasin
    22 | D        | Found a transporter.
    27 | D        | HP: 1/24 [ball python (1)]
    27 | D        | Slain by a ball python
    28 | D        | Reached XP level 3. HP: 0/20 MP: 4/4
    28 | D        | Quit the game

Levels and vault maps discovered:
D:        sprint_v [room_start, room_1, room_2, room_3, room_4, room_5, room_6,
          room_7, room_8, room_9, room_10, room_11, room_12, room_13, room_14,
          room_15, room_16, room_17, room_18, room_19, room_20, room_21,
          room_22, room_23, room_24, room_25, room_26, room_27]

Skill      XL: |  1 |
---------------+----+-----
Fighting       | 5 |  5.8
Dodging        | 8 |  8.0
Unarmed Combat | 5 |  5.8

Action                   |  1- 3 |  4- 6 || total
-------------------------+-------+-------++-------
Melee: Unarmed           |     6 |       ||     6
       Bite              |     2 |       ||     2
Invok: Berserk           |     1 |       ||     1
Dodge: Dodged            |     9 |    30 ||    39

Table legend:
 A = Non-vault XP
 B = Vault XP
 C = Vault XP percentage of total XP
 D = Non-vault monster count
 E = Vault monster count
 F = Vault count percentage of total count
                 A         B        C        D         E       F
            +---------+---------+-------+---------+---------+-------
      Total |       0 |     140 | 100.0 |       0 |       1 | 100.0
            +---------+---------+-------+---------+---------+-------
          D |       0 |     140 | 100.0 |       0 |       1 | 100.0
            +---------+---------+-------+---------+---------+-------
